 Seeded DCSS version 0.29.1-15-g9cfb28693d (webtiles) character file.

Game seed: 14669342937109275278 (custom seed)

598 Psyclone the Magician (level 7, 36/36 HPs)
             Began as a Deep Elf Fire Elementalist on Sept 27, 2023.
             Quit the game on level 5 of the Dungeon.
             The game lasted 00:09:54 (6126 turns).

Psyclone the Magician (Deep Elf Fire Elementalist)  Turns: 6126, Time: 00:09:55

Health: 36/36      AC:  4    Str:  1    XL:     7   Next: 17%
Magic:  16/16      EV: 14    Int: 22    God:
Gold:   310        SH:  0    Dex: 15    Spells: 3/16 levels left

rFire   + + .      SeeInvis .   a - staff of fire
rCold   + . .      Faith    .   (no shield)
rNeg    + + +      Spirit   .   d - +0 robe
rPois   .          Reflect  .   (no helmet)
rElec   .          Harm     .   o - +1 cloak
rCorr   .          Rampage  .   (no gloves)
Will    .....                   (no boots)
Stlth   +++.......              (no amulet)
HPRegen 0.12/turn               p - +4 ring of slaying
MPRegen 0.15/turn               s - ring "Imomil" {rF+ rC+ rN+++ Str-4}

@: no status effects
A: no striking features
a: no special abilities


You were on level 5 of the Dungeon.
You visited 1 branch of the dungeon, and saw 5 of its levels.

You collected 366 gold pieces.
You spent 56 gold pieces at shops.

Inventory:

Missiles
 z - a throwing net {!f}
Armour
 d - a +0 robe (worn)
 o - a +1 cloak (worn)
Magical Staves
 a - a staff of fire (weapon)
Jewellery
 p - a +4 ring of slaying (left hand)
 s - the ring "Imomil" (right hand) {rF+ rC+ rN+++ Str-4}
   (You found it on level 3 of the Dungeon)

   [ring of protection from cold]

   Str:       It affects your strength (-4).
   rF:        It protects you from fire.
   rC:        It protects you from cold.
   rN:        It renders you almost immune to negative energy.
Wands
 r - a wand of charming (7)
 x - a wand of flame (38)
Scrolls
 c - 3 scrolls of immolation {unknown}
 e - a scroll of amnesia {unknown}
 g - 2 scrolls of teleportation {unknown}
 h - 2 scrolls of fog {unknown}
 j - 5 scrolls of magic mapping {unknown}
 k - 7 scrolls of identify {unknown}
 m - a scroll of blinking {unknown}
 n - a scroll of fear {unknown}
 q - a scroll of poison {unknown}
 w - a scroll of torment {unknown}
 y - 3 scrolls of summoning {unknown}
 A - a scroll of vulnerability {unknown}
Potions
 b - a potion of magic
 f - a potion of might {unknown}
 i - 2 potions of curing {unknown}
 l - a potion of flight
 t - a potion of lignification {unknown}
 u - 2 potions of heal wounds {unknown}
 v - a potion of mutation {unknown}


   Skills:
 + Level 4.7 Dodging
 + Level 5.1 Stealth
 + Level 5.2 Spellcasting
 + Level 3.9 Conjurations
 + Level 4.9 Fire Magic


You had 3 spell levels left.
You knew the following spells:

 Your Spells              Type           Power      Damage    Failure   Level
a - Foxfire               Conj/Fire      100%       2x1d9     1%          1
b - Scorch                Fire           82%        2d9       1%          2
c - Conjure Flame         Conj/Fire      38%        6-21      4%          3
d - Flame Wave            Conj/Fire      38%        2d10      16%         4
e - Inner Flame           Hex/Fire       25%        N/A       11%         3

Your spell library contained the following spells:

 Spells                   Type           Power      Damage    Failure   Level
 Magic Dart               Conj           92%        1d7       1%          1
 Call Imp                 Summ           5%         N/A       16%         2
 Mephitic Cloud           Conj/Pois/Air  11%        N/A       17%         3
 Fireball                 Conj/Fire      19%        3d9       41%         5
 Starburst                Conj/Fire      19%        6d7       94%         6
 Ignition                 Fire           20%        3d7       100%        8


Dungeon Overview and Level Annotations

Branches:
Dungeon (5/15) Zot: 23862
 Temple: D:4-7

Altars:
Qazlal

Shops:
D:1 ?   D:3 *


Message History

You feel a surge of power!
You conjure some foxfire!
The adder hisses angrily.
You now have 15/16 mp.
Your foxfire dissipates!
The foxfire hits the adder.
The adder is heavily wounded.
Casting: Foxfire (safe; 1% risk of failure)
Confirm with . or Enter, or press ? or * to list all spells.
You feel a surge of power!
You conjure some foxfire!
You now have 14/16 mp.
The foxfire hits the adder.
The adder is almost dead.
Casting: Foxfire (safe; 1% risk of failure)
Confirm with . or Enter, or press ? or * to list all spells.
You feel a surge of power!
You conjure some foxfire!
The foxfire hits the adder.
You kill the adder!
You now have 13/16 mp.
You start resting.
Magic restored.
MP restored: 16 You start waiting.
Done waiting.
Memorise Scorch, consuming 2 spell levels and leaving 13?
You start memorising the spell.
You continue memorising. x2
You finish memorising.
Spell assigned to 'b'.
This spell is dangerous to cast!
Memorise Conjure Flame, consuming 3 spell levels and leaving 10?
You start memorising the spell.
You continue memorising. x3
You finish memorising.
Spell assigned to 'c'.
This spell is quite dangerous to cast!
Memorise Flame Wave, consuming 4 spell levels and leaving 6?
You start memorising the spell.
You continue memorising. x4
You finish memorising.
Spell assigned to 'd'.
This spell is quite dangerous to cast!
Memorise Inner Flame, consuming 3 spell levels and leaving 3?
You start memorising the spell.
You continue memorising. x3
You finish memorising.
Spell assigned to 'e'.
Okay, then.
Are you sure you want to abandon this character and quit the game? (Confirm with "yes".)

+.. #.# #.#
#.#########
#.#.......#
#.#.#####.#
#.#.# #.#
#†#.# #.#
#@#.# #.#
#.#.# #.#
#...# #.#
##### #.#
#.# #.# #.#
#.########
#.........


There were no monsters in sight!

Vanquished Creatures
  Grinder (D:4)
  An ogre (D:4)
  A jelly (D:4)
  Jessica (D:2)
  Ijyb (D:4)
  An iguana (D:4)
  2 orc wizards (D:4)
  8 adders
  3 worms
  2 dart slugs
  9 orcs
  A ball python (D:4)
  5 endoplasms
  3 giant cockroaches (D:1)
  3 goblins
  4 hobgoblins
  4 jackals (D:3)
  2 quokkas
  4 bats
  5 frilled lizards
  6 kobolds
  5 rats
72 creatures vanquished.

Vanquished Creatures (collateral kills)
  A foxfire (D:4)
1 creature vanquished.

Vanquished Creatures (others)
  469 foxfires
469 creatures vanquished.

Grand Total: 542 creatures vanquished

Notes
Turn   | Place    | Note
-------+----------+-------------------------------------------
     0 | D:1      | Psyclone the Deep Elf Fire Elementalist began the quest for
                  | the Orb.
     0 | D:1      | Reached XP level 1. HP: 10/10 MP: 6/6
   118 | D:2      | Reached XP level 2. HP: 15/15 MP: 2/8
   212 | D:3      | Identified a scroll of acquirement
   212 | D:3      | Acquired a staff of fire
   801 | D:1      | Reached XP level 3. HP: 19/19 MP: 5/9
   906 | D:1      | Found Fuuduirr's Magic Scroll Boutique.
  2299 | D:2      | Noticed Jessica
  2310 | D:2      | Killed Jessica
  2311 | D:2      | Reached XP level 4. HP: 24/24 MP: 0/11
  3892 | D:3      | Found Duomir's Assorted Antiques.
  3944 | D:3      | Bought a scroll labelled CEJURO UMIELUT for 28 gold pieces
  3944 | D:3      | Bought a scroll labelled JEEV MUOMUYS for 28 gold pieces
  4502 | D:3      | Identified the ring "Imomil" {rF+ rC+ rN+++ Str-4}
  4648 | D:4      | Found a stormy altar of Qazlal.
  4676 | D:4      | Reached XP level 5. HP: 28/28 MP: 7/13
  4791 | D:4      | Noticed an ogre
  4797 | D:4      | Killed an ogre
  4846 | D:4      | Reached XP level 6. HP: 32/32 MP: 8/14
  4992 | D:4      | Noticed Grinder
  5003 | D:4      | Killed Grinder
  5004 | D:4      | Reached skill level 5 in Spellcasting
  5133 | D:4      | Reached XP level 7. HP: 36/36 MP: 13/16
  5263 | D:4      | Reached skill level 5 in Stealth
  5438 | D:4      | Noticed Ijyb
  5444 | D:4      | Killed Ijyb
  5671 | D:5      | Entered Level 5 of the Dungeon
  6113 | D:5      | Learned a level 2 spell: Scorch
  6117 | D:5      | Learned a level 3 spell: Conjure Flame
  6122 | D:5      | Learned a level 4 spell: Flame Wave
  6126 | D:5      | Learned a level 3 spell: Inner Flame
  6126 | D:5      | Quit the game

Illustrated notes

Levels and vault maps discovered:
D:1:      dpeg_arrival_brainrot, layout_basic, serial_shops, shop_coins
D:2:      layout_basic, uniq_jessica
D:3:      wander_river, layout_basic, serial_shops, nicolae_shop_trees,
          minivault_5, minmay_strange_pillars
D:4:      layout_rooms, mainiacjoe_overflow_cross_hatched, minmay_hedge_maze,
          uniq_ijyb, uniq_grinder
D:5:      layout_basic, mainiacjoe_overflow_six_doors_small, uniq_duvessa

Skill      XL: |  1  2  3  4  5  6  7 |
---------------+----------------------+-----
Stealth        | 3 4 5 |  5.1
Dodging        | 3 4 |  4.7
Conjurations   | 2 3 |  3.9
Fire Magic     | 4 |  4.9
Spellcasting   | 4 5 |  5.2

Action                   |  1- 3 |  4- 6 |  7- 9 || total
-------------------------+-------+-------+-------++-------
 Cast: Foxfire           |    95 |   139 |    40 ||   274
  Use: Scroll            |     1 |       |       ||     1
       Potion            |     1 |       |       ||     1
Dodge: Dodged            |     1 |     1 |       ||     2
